 Dungeon Crawl Stone Soup version 0.28-a0-1447-ga5a8893891 (webtiles) character file.

Game seed: 79735235778377070

16 ytrimaz the Cutter (level 2, 22/22 HPs)
             Began as a Demonspawn Gladiator on Jan 10, 2022.
             Quit the game on level 1 of the Dungeon.
             The game lasted 00:00:45 (494 turns).

ytrimaz the Cutter (Demonspawn Gladiator)            Turns: 494, Time: 00:00:45

Health: 22/22      AC:  6    Str: 14    XL:     2   Next: 37%
Magic:  2/2        EV: 12    Int:  9    God:
Gold:   62         SH:  0    Dex: 14    Spells: 1/1 levels left

rFire   . . .      SeeInvis .   a - +0 rapier
rCold   . . .      Faith    .   (no shield)
rNeg    . . .      Spirit   .   b - +0 leather armour
rPois   .          Reflect  .   c - +0 helmet
rElec   .          Harm     .   (no cloak)
rCorr   .          Rampage  .   (no gloves)
Will    .....                   (no boots)
Stlth   +.........              (no amulet)
HPRegen 0.07/turn               (no ring)
MPRegen 0.08/turn               (no ring)

@: no status effects
A: slimy green scales 1
a: no special abilities


You were on level 1 of the Dungeon.
You visited 1 branch of the dungeon, and saw 1 of its levels.

You collected 62 gold pieces.

Inventory:

Hand Weapons
 a - a +0 rapier (weapon)
Missiles
 d - 2 throwing nets (quivered)
Armour
 b - a +0 leather armour (worn)
 c - a +0 helmet (worn)
Scrolls
 e - a scroll of identify {unknown}


   Skills:
 * Level 2.1 Fighting
 + Level 3.0 Short Blades
 * Level 2.0 Throwing
 + Level 2.9 Dodging


You had one spell level left.
You didn't know any spells.
Your spell library contained the following spells:

 Spells                   Type           Power      Damage    Failure   Level
 Dazzling Flash           Conj/Hex       0%         N/A       83%         3
 Agony                    Necr           0%         N/A       100%        5
 Silence                  Hex/Air        0%         N/A       100%        5


Dungeon Overview and Level Annotations

Branches:
Dungeon (1/15)

Altars:


Innate Abilities, Weirdness & Mutations

You are partially covered in slimy green scales. (AC +2)


Message History

The endoplasm struggles against the net.
The endoplasm struggles against the net.
The net rips apart, and the endoplasm comes free!
The endoplasm barely misses you.
You hit the endoplasm but do no damage. The endoplasm freezes you.
You are frozen.
You hit the endoplasm but do no damage. The endoplasm hits you.
You hit the endoplasm.
The endoplasm is lightly wounded.
The endoplasm freezes you.
You are frozen.
You barely miss the endoplasm.
The endoplasm is lightly wounded.
The endoplasm freezes you.
You are frozen.
An endoplasm is nearby!
You hit the endoplasm.
The endoplasm is moderately wounded.
The endoplasm freezes you.
You are frozen.
An endoplasm is nearby!
You completely miss the endoplasm.
The endoplasm is moderately wounded.
The endoplasm hits you but does no damage.
An endoplasm is nearby!
You hit the endoplasm.
The endoplasm is heavily wounded.
The endoplasm hits you but does no damage.
An endoplasm is nearby!
You hit the endoplasm.
You kill the endoplasm!
You open the door.
There is an open door here.
As you open the door, it creaks loudly!
There is an open door here.
You open the door.
A hobgoblin comes into view.
The hobgoblin shouts!
Are you sure you want to abandon this character and quit the game? (Confirm with "yes".)

####### #.....#
####.....#########
#..'.....'........
#@##.....####....#
#'##.....# #....#
...#.....####....#
..g.#.....#........
.....#.....#........
#.....#.....#........
#.....#######........
#.....+ #........
#........


You could see a hobgoblin.

Vanquished Creatures
  3 endoplasms (D:1)
  A giant cockroach (D:1)
  3 hobgoblins (D:1)
  A quokka (D:1)
  2 bats (D:1)
  A kobold (D:1)
  3 rats (D:1)
14 creatures vanquished.

Notes
Turn   | Place    | Note
-------+----------+-------------------------------------------
     0 | D:1      | ytrimaz the Demonspawn Gladiator began the quest for the
                  | Orb.
     0 | D:1      | Reached XP level 1. HP: 16/16 MP: 1/1
   197 | D:1      | Gained mutation: You are partially covered in slimy green
                  | scales. (AC +2) [demonic ancestry]
   197 | D:1      | Reached XP level 2. HP: 22/22 MP: 2/2
   304 | D:1      | Reached skill level 3 in Short Blades
   494 | D:1      | Quit the game

Illustrated notes

Levels and vault maps discovered:
D:1:      minmay_arrival_cross, layout_basic, dk_noncrumbling_3,
          minmay_circled_x

Skill      XL: |  1  2 |
---------------+-------+-----
Throwing       | 2 |  2.0
Short Blades   | 3 |  3.0
Fighting       | |  2.1
Dodging        | |  2.9

Action                   || total
-------------------------++-------
Melee: Rapier            ||    34
Throw: Throwing net      ||     1
Armor: Leather armour    ||    11
Dodge: Dodged            ||    15

Table legend: (Time is in decaauts)
 A = Elapsed time spent in this place.
 B = Non-inter-level travel time spent in this place.
 C = Inter-level travel time spent in this place.
 D = Time resting spent in this place.
 E = Time spent auto-exploring this place.
 F = Levels seen in this place.
 G = Mean time per level.
                   A        B        C        D        E       F      G
               +--------+--------+--------+--------+--------+-----+--------+
         Total |    495 |    495 |      0 |      0 |    382 |   1 |  495.0 |
       Dungeon |    495 |    495 |      0 |      0 |    382 |   1 |  495.0 |
               +--------+--------+--------+--------+--------+-----+--------+

Top non-repeatable levels by time:
     D:1: 495 daAuts
